 Dungeon Crawl Stone Soup version 0.29.0-4-gdea44cf6ec (webtiles) character file.

Game seed: 12173701025638497340

141 qw the Chopper (level 5, 0/30 HPs)
             Began as a Tengu Warper on Aug 28, 2022.
             Slain by a gnoll
             ... wielding a +0 club
              (5 damage)
             ... on level 3 of the Dungeon.
             The game lasted 00:00:14 (2398 turns).

qw the Chopper (Tengu Warper)                       Turns: 2398, Time: 00:00:14

Health: 0/30       AC:  8    Str: 13    XL:     5   Next: 24%
Magic:  9/9        EV:  7    Int: 13    God:
Gold:   162        SH:  0    Dex: 14    Spells: 8/8 levels left

rFire   + . .      SeeInvis .   Y - +0 hand axe
rCold   . . .      Faith    .   (no shield)
rNeg    . . .      Spirit   .   m - +0 chain mail
rPois   .          Reflect  .   (helmet restricted)
rElec   .          Harm     .   (no cloak)
rCorr   +          Rampage  .   (no gloves)
Will    .....                   (boots unavailable)
Stlth   ..........              (no amulet)
HPRegen 0.10/turn               h - ring of resist corrosion
MPRegen 0.11/turn               j - ring of protection from fire

@: flying quickly and evasively, quick
A: beak, talons 3, nimble flight
a: no special abilities


You were on level 3 of the Dungeon.
You visited 1 branch of the dungeon, and saw 3 of its levels.

You collected 162 gold pieces.


Innate Abilities, Weirdness & Mutations

You have a beak for a mouth.
You have claws for feet.
Your magical nature lets you fly swiftly and evasively.


   Skills:
 - Level 2.0 Fighting
 + Level 5.8 Axes
 - Level 1.0 Throwing
 - Level 1.1 Armour
 - Level 2.1 Dodging
 - Level 2.0 Spellcasting
 - Level 2.4 Translocations


You had 8 spell levels left.
You didn't know any spells.
Your spell library contained the following spells:

 Spells                   Type           Power      Damage    Failure   Level
 Blink                    Tloc           14%        N/A       99%         2
 Gell's Gravitas          Tloc           7%         N/A       100%        3
 Lesser Beckoning         Tloc           7%         N/A       100%        3
 Teleport Other           Tloc           7%         N/A       100%        3
 Manifold Assault         Tloc           7%         N/A       100%        5

Inventory:

Hand Weapons
 c - a +0 whip
 Y - a +0 hand axe (weapon)
Armour
 m - a +0 chain mail (worn)
Jewellery
 h - a ring of resist corrosion (left hand)
 j - a ring of protection from fire (right hand)
Scrolls
 a - a scroll of teleportation
Potions
 b - a potion of haste {unknown}
 d - a potion of might {unknown}
 e - a potion of flight {unknown}
 f - 2 potions of lignification {unknown}
 g - a potion of brilliance {unknown}
 i - a potion of heal wounds {unknown}

Dungeon Overview and Level Annotations

Branches:
Dungeon (3/15)

Altars:


Message History

The gnoll is lightly wounded.
You hit the gnoll but do no damage. The gnoll barely misses you.
You hit the gnoll. You claw the gnoll, but do no damage.
Your peck misses the gnoll.
The gnoll is heavily wounded.
You barely miss the gnoll. The gnoll closely misses you.
You hit the gnoll.
You kill the gnoll!
You hit the gnoll. The gnoll hits you but does no damage.
You hit the gnoll. You claw the gnoll.
The gnoll is heavily wounded.
The gnoll misses you.
You closely miss the gnoll. Your peck misses the gnoll.
The gnoll is heavily wounded.
You hit the gnoll but do no damage.
The gnoll hits you from afar with a +0 spear.
The gnoll hits you with a +0 club. The gnoll hits you but does no damage.
You hit the gnoll but do no damage.
The gnoll is heavily wounded.
You hit the gnoll but do no damage.
The gnoll hits you from afar with a +0 spear.
The gnoll hits you with a +0 club. The gnoll barely misses you.
You barely miss the gnoll.
The gnoll is heavily wounded.
You completely miss the gnoll. The gnoll hits you but does no damage.
The gnoll hits you with a +0 club.
You closely miss the gnoll. Your kick misses the gnoll.
The gnoll is heavily wounded.
You barely miss the gnoll. The gnoll completely misses you.
The gnoll barely misses you. The gnoll closely misses you.
You hit the gnoll. You claw the gnoll, but do no damage.
The gnoll is severely wounded.
You hit the gnoll.
The gnoll hits you from afar with a +0 spear.
The gnoll hits you with a +0 club.
You die...

.........#
.........#
.........#
.........#
.........#
.........####
#######...>.####
#........####
#........'@g#
#........##g#
#........#


gg. #........# g.... #........# ....... ########## ....... ....... ....... You
could see 5 gnolls.

Vanquished Creatures
  Natasha (thrice) (D:2)
  An adder (D:2)
  A gnoll (D:3)
  A worm (D:3)
  6 ball pythons
  5 bats
  5 endoplasms
  6 goblins
  4 hobgoblins
  2 jackals (D:1)
  2 quokkas (D:1)
  4 kobolds
  2 rats (D:1)
42 creatures vanquished.

Notes
Turn   | Place    | Note
-------+----------+-------------------------------------------
     0 | D:1      | qw the Tengu Warper began the quest for the Orb.
     0 | D:1      | Reached XP level 1. HP: 12/12 MP: 4/4
     0 | D:1      | 0 ||| qw: Version: 0.1-a-89-g26bdef1
     0 | D:1      | 0 ||| qw: Game counter: 1753
     0 | D:1      | 0 ||| qw: Always use a shield: true
     0 | D:1      | 0 ||| qw: God list: Okawaru
     0 | D:1      | 0 ||| qw: Allow faded altars: false
     0 | D:1      | 0 ||| qw: Do Orc after D:15 true
     0 | D:1      | 0 ||| qw: Do second Lair branch before Depths: true
     0 | D:1      | 0 ||| qw: Lair rune preference: random
     0 | D:1      | 0 ||| qw: Plans: Normal
     0 | D:1      | 0 ||| PLANNING D:1-11
    84 | D:1      | Reached skill level 3 in Axes
    84 | D:1      | Reached XP level 2. HP: 12/17 MP: 6/6
   703 | D:1      | Found a faded altar of an unknown god.
   764 | D:1      | Reached XP level 3. HP: 20/21 MP: 7/7
   978 | D:1      | 978 ||| UPGRADING to +0 chain mail.
   988 | D:1      | 988 ||| DROPPING +0 leather armour.
   989 | D:1      | 989 ||| DROPPING amulet of faith.
   990 | D:1      | 990 ||| UPGRADING to ring of resist corrosion.
   991 | D:1      | 991 ||| UPGRADING to ring of protection from fire.
   992 | D:1      | 992 ||| READING scroll labelled NIYPUB FARPHED.
   996 | D:1      | 996 ||| READING scroll labelled CIOKHI ZUSH.
   997 | D:1      | 997 ||| READING scroll labelled SEOSIO MUFOU.
   998 | D:1      | 998 ||| DRINKING 2 murky ruby potions.
  1099 | D:1      | 1099 ||| DROPPING scroll of blinking.
  1100 | D:1      | 1100 ||| DROPPING potion of ambrosia.
  1153 | D:2      | Reached skill level 4 in Axes
  1453 | D:2      | Noticed Natasha
  1454 | D:2      | 1454 ||| Stepping ~*~*~tactically~*~*~ (hiding).
  1461 | D:2      | Killed Natasha
  1462 | D:2      | Reached XP level 4. HP: 18/26 MP: 8/8
  1526 | D:2      | Noticed Natasha
  1527 | D:2      | 1527 ||| Stepping ~*~*~tactically~*~*~ (stealth).
  1528 | D:2      | 1528 ||| Stepping ~*~*~tactically~*~*~ (stealth).
  1529 | D:2      | 1529 ||| FLEEEEING.
  1620 | D:2      | 1620 ||| DROPPING +0 club.
  1629 | D:2      | 1629 ||| Stepping ~*~*~tactically~*~*~ (stealth).
  1639 | D:2      | Killed Natasha
  1640 | D:2      | Reached skill level 5 in Axes
  1944 | D:2      | Noticed Natasha
  1951 | D:2      | Killed Natasha
  1952 | D:2      | Gained mutation: Your magical nature lets you fly swiftly
                  | and evasively. [Tengu growth]
  1952 | D:2      | Reached XP level 5. HP: 9/30 MP: 9/9
  2227 | D:3      | 2227 ||| Stepping ~*~*~tactically~*~*~ (stealth).
  2384 | D:3      | 2384 ||| Stepping ~*~*~tactically~*~*~ (hiding).
  2398 | D:3      | HP: 5/30 [gnoll/+0 spear (4)]
  2398 | D:3      | Slain by a gnoll

Levels and vault maps discovered:
D:1:      saegor_arrival_simple_a, layout_basic,
          nicolae_ecumenical_snake_handling
D:2:      layout_rooms, amcnicky_mini_rare_corridor_liquid, uniq_natasha
D:3:      layout_basic

Skill      XL: |  1  2  3  4 |
---------------+-------------+-----
Axes           | 3 4 5 |  5.8
Fighting       | |  2.0
Throwing       | |  1.0
Armour         | |  1.1
Dodging        | |  2.1
Spellcasting   | |  2.0
Translocations | |  2.4

Action                   |  1- 3 |  4- 6 || total
-------------------------+-------+-------++-------
Melee: Hand axe          |    57 |    41 ||    98
       Kick              |    14 |    15 ||    29
       Peck              |     8 |     5 ||    13
Throw: Boomerang         |     7 |       ||     7
  Use: Scroll            |     3 |       ||     3
       Potion            |     1 |       ||     1
Armor: Leather armour    |     7 |       ||     7
       Chain mail        |     9 |    17 ||    26
Dodge: Dodged            |    16 |    13 ||    29

Table legend:
 A = Non-vault XP
 B = Vault XP
 C = Vault XP percentage of total XP
 D = Non-vault monster count
 E = Vault monster count
 F = Vault count percentage of total count
                 A         B        C        D         E       F
            +---------+---------+-------+---------+---------+-------
      Total |     166 |      36 |  17.8 |      40 |       2 |   4.8
            +---------+---------+-------+---------+---------+-------
        D:1 |      38 |       1 |   2.6 |      22 |       1 |   4.3
        D:2 |      98 |      35 |  26.3 |      10 |       1 |   9.1
        D:3 |      30 |       0 |   0.0 |       8 |       0 |   0.0
            +---------+---------+-------+---------+---------+-------
